 Dungeon Crawl Stone Soup version 0.31-a0-174-g85c54bcb58 (webtiles) character file.

Game seed: 6437658778707319190

55 kiwi3s the Trooper (level 3, -1/49 HPs)
             Began as a Minotaur Berserker on June 15, 2023.
             Was a Believer of Trog.
             Killed from afar by a dart slug (4 damage)
             ... with a slug dart
             ... on level 2 of the Dungeon.
             The game lasted 00:01:04 (853 turns).

kiwi3s the Trooper (Minotaur Berserker)              Turns: 853, Time: 00:01:04

Health: -1/49      AC:  2    Str: 23    XL:     3   Next: 67%
Magic:  2/2        EV: 12    Int:  4    God:    Trog [**....]
Gold:   36         SH:  0    Dex:  9    Spells: 2/2 levels left

rFire   . . .        a - +0 hand axe
rCold   . . .        (no shield)
rNeg    . . .        b - +0 animal skin
rPois   .            (helmet restricted)
rElec   .            (no cloak)
rCorr   .            (no gloves)
SInv    +            (no boots)
Will    .....        (no amulet) Stlth
                     d - ring of see invisible
HPRegen 0.28/turn    (no ring)
MPRegen 0.08/turn

%: no passive effects
@: berserking, very quick
A: horns 2, retaliatory headbutt
a: Renounce Religion, Berserk, Trog's Hand


You were on level 2 of the Dungeon.
You worshipped Trog.
Trog was pleased with you.
You visited 1 branch of the dungeon, and saw 2 of its levels.

You collected 36 gold pieces.

Inventory:

Hand Weapons
 a - a +0 hand axe (weapon)
Armour
 b - a +0 animal skin (worn)
Jewellery
 d - a ring of see invisible (left hand)
Scrolls
 g - a scroll of identify {unknown}
Potions
 c - a potion of lignification {unknown}
 e - a potion of experience {unknown}
 f - a potion of heal wounds {unknown}


   Skills:
 + Level 4.2 Fighting
 + Level 4.2 Axes
 + Level 3.2 Armour
 + Level 2.9 Dodging


You had 2 spell levels left.
You didn't know any spells.
Your spell library was empty.

Dungeon Overview and Level Annotations

Branches:
Dungeon (2/15)

Altars:


Innate Abilities, Weirdness & Mutations

You have a pair of horns on your head.
You reflexively headbutt those who attack you in melee.


Message History

The gnoll completely misses you.
The kobold hits you with a +0 short sword.
There are monsters nearby!
There are monsters nearby!
You barely miss the kobold.
The kobold is moderately wounded.
The kobold hits you but does no damage. The gnoll misses you.
You hit the kobold but do no damage.
The kobold is moderately wounded.
The kobold closely misses you. You furiously retaliate!
You headbutt the kobold.
You kill the kobold!
Trog accepts your kill.
The gnoll hits you from afar with a +0 spear.
There are monsters nearby!
You hit the dart slug but do no damage.
The gnoll hits you from afar with a +0 spear.
The dart slug launches a dart at you. The slug dart hits you.
There are monsters nearby!
You hit the dart slug. You headbutt the dart slug.
The dart slug is moderately wounded.
The gnoll hits you from afar with a +0 spear! x2
* * * LOW HITPOINT WARNING * * *
There are monsters nearby!
You are too injured to fight recklessly!
There are monsters nearby!
You are too injured to fight recklessly!
You are too injured to fight recklessly!
A red film seems to cover your vision as you go berserk!
You feel yourself moving faster!
You feel mighty! The dart slug launches a dart at you.
The slug dart misses you.
The gnoll hits you from afar with a +0 spear.
* * * LOW HITPOINT WARNING * * *
You hit the dart slug.
The dart slug is almost dead.
The dart slug launches a dart at you. The slug dart hits you.
You die...

# #..## #
#...# # #.#.#
# #.#.# #####
#.#.###.#
.....#
#.......#
#...####.#####
#..##..#
#.@...#
#w##..#


8g8 ##.# #$⌠. ..# #|8.8 .## ##.#) # ..## ##. You could see a gnoll and a dart
slug.

Vanquished Creatures
  An adder (D:2)
  3 dart slugs
  2 bats
  2 endoplasms
  2 goblins (D:1)
  2 hobgoblins (D:1)
  8 jackals
  7 kobolds
  2 ball pythons
  4 frilled lizards
  4 rats
37 creatures vanquished.

Notes
Turn   | Place    | Note
-------+----------+-------------------------------------------
     0 | D:1      | kiwi3s the Minotaur Berserker began the quest for the Orb.
     0 | D:1      | Reached XP level 1. HP: 19/19 MP: 0/0
    47 | D:1      | Reached XP level 2. HP: 22/27 MP: 1/1
   495 | D:2      | Reached XP level 3. HP: 28/33 MP: 2/2
   736 | D:2      | Reached ** piety under Trog
   853 | D:2      | Killed from afar by a dart slug

Illustrated notes

Levels and vault maps discovered:
D:1:      tarquinn_simple_flora_water_b, layout_rooms
D:2:      layout_loops_corners, minmay_hexomino_u4

Skill      XL: |  1  2  3 |
---------------+----------+-----
Fighting       | 4 |  4.2
Axes           | 4 |  4.2
Armour         | 3 |  3.2
Dodging        | |  2.9

Action                     || total
---------------------------++-------
  Melee: Hand axe          ||    76
         Headbutt          ||    13
         Punch             ||     1
 Invoke: Berserk           ||     1
 Armour: Animal skin       ||    14
  Dodge: Dodged            ||    45

Table legend: (Time is in decaauts)
 A = Elapsed time spent in this place.
 B = Non-inter-level travel time spent in this place.
 C = Inter-level travel time spent in this place.
 D = Time resting spent in this place.
 E = Time spent auto-exploring this place.
 F = Levels seen in this place.
 G = Mean time per level.
                   A        B        C        D        E       F      G
               +--------+--------+--------+--------+--------+-----+--------+
         Total |    860 |    849 |     11 |      0 |    668 |   2 |  430.0 |
       Dungeon |    860 |    849 |     11 |      0 |    668 |   2 |  430.0 |
               +--------+--------+--------+--------+--------+-----+--------+

Top non-repeatable levels by time:
     D:1: 492 daAuts
     D:2: 367 daAuts
